 Dungeon Crawl Stone Soup version 0.32-a0-42-ga30500b4d3 (webtiles) character file.

Game seed: 343780482715858941

2699 jlumianski the Grappler (level 9, -2/68 HPs)
             Began as a Gnoll Shapeshifter on Feb 2, 2024.
             Was an Initiate of Wu Jian.
             Slain by a killer bee (3 damage)
             ... on level 7 of the Dungeon.
             The game lasted 00:28:33 (7538 turns).

jlumianski the Grappler (Gnoll Shapeshifter)        Turns: 7538, Time: 00:28:36

Health: -2/68      AC: 12    Str: 17    XL:     9   Next: 65%
Magic:  15/15      EV:  7    Int:  9    God:    Wu Jian [......]
Gold:   457        SH:  0    Dex: 13    Spells: 17/17 levels left

rFire   . .          .
                       - Unarmed
rCold   . . .        (no shield)
rNeg    . . .        b - +0 plate armour
rPois   +            (helmet currently unavailable)
rElec   .            (cloak currently unavailable)
rCorr   .            (gloves currently unavailable)
SInv    +            (boots currently unavailable)
Will    .....        (no amulet) Stlth
                     l - ring of see invisible
HPRegen 0.31/turn    x - ring of poison resistance
MPRegen 0.14/turn

%: no passive effects
@: lethally poisoned (-2 -> -15), beast-form
A: beast (slay +4), fangs 1, strong nose, distributed training
a: Begin Untransformation, Renounce Religion


You were on level 7 of the Dungeon.
You worshipped Wu Jian.
Wu Jian was noncommittal.
You were a hulking beast.
You visited 2 branches of the dungeon, and saw 9 of its levels.

You collected 457 gold pieces.

Inventory:

Hand Weapons
 t - a +0 club
Missiles
 y - 10 poisoned darts (quivered)
 C - a curare-tipped dart
Armour
 a - a +0 animal skin
 b - a +0 plate armour (worn)
 g - a +1 scale mail
 j - a +0 helmet
 o - a +0 chain mail
Jewellery
 l - a ring of see invisible (left hand)
 n - a ring of fire
 x - a ring of poison resistance (right hand)
Talismans
 c - a beast talisman
 d - a flux talisman
Wands
 F - a wand of charming (14)
 G - a wand of iceblast (8)
Scrolls
 e - 2 scrolls of enchant armour
 f - 2 scrolls of silence
 h - 2 scrolls of revelation
 i - 10 scrolls of teleportation
 k - a scroll of vulnerability
 p - a scroll of poison
 q - a scroll of enchant weapon
 u - a scroll of fear
 v - a scroll of immolation
 w - a scroll of blinking
 D - a scroll of torment
 E - a scroll of butterflies {unknown}
Potions
 m - a potion of attraction
 r - 2 potions of mutation
 s - a potion of heal wounds
 z - a potion of haste {unknown}
 A - a potion of brilliance {unknown}
 B - 3 potions of cancellation


   Skills:
 + Level 5.3 Fighting
 + Level 4.6 Short Blades
 + Level 4.6 Long Blades
 + Level 4.6 Axes
 + Level 4.6 Maces & Flails
 + Level 4.6 Polearms
 + Level 4.6 Staves
 + Level 4.6 Ranged Weapons
 + Level 4.6 Throwing
 + Level 4.6 Armour
 + Level 6.6 Dodging
 + Level 4.6 Stealth
 + Level 4.6 Shields
 + Level 8.1 Unarmed Combat
 + Level 4.6 Spellcasting
 + Level 3.8 Conjurations
 + Level 3.8 Hexes
 + Level 3.8 Summonings
 + Level 3.8 Necromancy
 + Level 3.8 Translocations
 + Level 3.8 Fire Magic
 + Level 3.8 Ice Magic
 + Level 3.8 Air Magic
 + Level 3.8 Earth Magic
 + Level 3.8 Alchemy
 + Level 5.1 Invocations
 + Level 4.6 Evocations
 + Level 7.8 Shapeshifting


You had 17 spell levels left.
You didn't know any spells.
Your spell library contained the following spells:

 Spells                   Type           Power      Damage    Failure   Level
 Freeze                   Ice            36%        1d5       92%         1
 Frozen Ramparts          Ice            18%        1d3       100%        3
 Hailstorm                Conj/Ice       9%         3d6       100%        3
 Inner Flame              Hex/Fire       9%         N/A       100%        3
 Flame Wave               Conj/Fire      9%         2d6       100%        4
 Sticky Flame             Fire/Alch      9%         2d5       100%        4


Dungeon Overview and Level Annotations

Branches:
Dungeon (8/15)             Temple (1/1) D:7
   Lair: D:8-11

Altars:
Ashenzari
Cheibriados
Dithmenos
Elyvilon
Fedhas
Gozag
Hepliaklqana
Kikubaaqudgha
Makhleb
Nemelex Xobeh
Okawaru
Qazlal
Ru
Sif Muna
Trog
Uskayaw
Vehumet
Wu Jian
Xom
Zin
The Shining One

Annotations:
D:4 2 transporters, RockinRobin's ghost, amateur DEAE
D:5 2 runed translucent doors, PriceMaster's ghost, amateur OpFE


Innate Abilities, Weirdness & Mutations

You are a hulking beast.
Your limbs bulge with bestial killing power. (Slay +4)
You have very sharp teeth.
Your uncanny sense of smell can sniff out nearby items.
Your experience applies equally to all skills.


Message History

Your bite misses the killer bee.
The killer bee is heavily wounded.
You feel very sick. The killer bee closely misses you.
The killer bee stings you but does no damage.
You punch the killer bee!
You kill the killer bee!
The Council accepts your kill.
You feel sick.
You barely miss the killer bee.
You feel sick.
The killer bee stings you but does no damage. x2
You hit the killer bee. You punch the killer bee!
The killer bee is heavily wounded.
You feel sick. The killer bee stings you.
* * * LOW HITPOINT WARNING * * *
You are more poisoned.
The killer bee poisons you!
You closely miss the killer bee.
The killer bee is heavily wounded.
You feel very sick.
The killer bee stings you but does no damage. x2
You punch the killer bee!
You kill the killer bee!
The Council accepts your kill.
You feel sick. The killer bee barely misses you.
You punch the killer bee! Your punch misses the killer bee.
The killer bee is severely wounded.
You feel sick. The killer bee stings you.
* * * LOW HITPOINT WARNING * * *
You are lethally poisoned!
The killer bee poisons you! The killer bee stings you.
* * * LOW HITPOINT WARNING * * *
You hit the killer bee.
The killer bee is almost dead.
* * * LOW HITPOINT WARNING * * *
You feel very sick. The killer bee stings you.
* * * LOW HITPOINT WARNING * * *
The killer bee stings you.
You die...

#
#..........#######
#.......#..######
#................
........#..#..#####
.................#
#.............##.#
####.#.......##.#
#.#####...##.#
#...##h# #...##y#
#...##.###.#
#..........#
#..###.###.# # #.#
#...y.yyy ########.


You could see a killer bee.

Vanquished Creatures
  A two-headed ogre (D:7)
  4 yaks
  A water moccasin (D:7)
  An orc warrior (D:4)
  A sky beast (D:7)
  A centaur (D:6)
  A phantom (D:5)
  2 kobold brigands
  A scorpion (D:7)
  7 killer bees (D:7)
  3 bombardier beetles (D:4)
  2 orc priests
  3 hounds
  3 iguanas
  2 orc wizards
  Robin (D:2)
  4 adders
  A shadow imp (D:6)
  A white imp (D:3)
  3 dart slugs
  3 ribbon worms
  24 orcs
  7 bats
  11 endoplasms
  4 giant cockroaches
  11 hobgoblins
  2 jackals (D:3)
  4 quokkas
  13 ball pythons
  4 frilled lizards
  11 goblins
  17 kobolds
  7 rats
161 creatures vanquished.

Notes
Turn   | Place    | Note
-------+----------+-------------------------------------------
     0 | D:1      | jlumianski the Gnoll Shapeshifter began the quest for the
                  | Orb.
     0 | D:1      | Reached XP level 1. HP: 17/17 MP: 1/1
   160 | D:2      | Noticed Robin
   173 | D:2      | Reached XP level 2. HP: 22/23 MP: 2/2
   192 | D:2      | Killed Robin
   196 | D:2      | Reached XP level 3. HP: 20/28 MP: 3/3
   341 | D:2      | Reached skill level 1 in Invocations
   418 | D:2      | Reached skill level 1 in Short Blades
   418 | D:2      | Reached skill level 1 in Long Blades
   418 | D:2      | Reached skill level 1 in Axes
   418 | D:2      | Reached skill level 1 in Maces & Flails
   418 | D:2      | Reached skill level 1 in Polearms
   418 | D:2      | Reached skill level 1 in Staves
   418 | D:2      | Reached skill level 1 in Ranged Weapons
   418 | D:2      | Reached skill level 1 in Throwing
   418 | D:2      | Reached skill level 1 in Armour
   418 | D:2      | Reached skill level 1 in Stealth
   418 | D:2      | Reached skill level 1 in Shields
   418 | D:2      | Reached skill level 1 in Spellcasting
   418 | D:2      | Reached skill level 1 in Evocations
   547 | D:2      | Reached XP level 4. HP: 30/34 MP: 5/5
   657 | D:2      | Found an ancient bone altar of Kikubaaqudgha.
   815 | D:3      | Reached skill level 1 in Conjurations
   815 | D:3      | Reached skill level 1 in Hexes
   815 | D:3      | Reached skill level 1 in Summonings
   815 | D:3      | Reached skill level 1 in Necromancy
   815 | D:3      | Reached skill level 1 in Translocations
   815 | D:3      | Reached skill level 1 in Fire Magic
   815 | D:3      | Reached skill level 1 in Ice Magic
   815 | D:3      | Reached skill level 1 in Air Magic
   815 | D:3      | Reached skill level 1 in Earth Magic
   815 | D:3      | Reached skill level 1 in Alchemy
  1135 | D:3      | Reached XP level 5. HP: 23/40 MP: 7/7
  2758 | D:5      | Entered Level 5 of the Dungeon
  2968 | D:4      | Reached XP level 6. HP: 47/47 MP: 8/8
  3133 | D:4      | Reached skill level 5 in Dodging
  3206 | D:4      | Found a transporter.
  3207 | D:4      | Noticed RockinRobin's ghost (amateur DEAE)
  3209 | D:4      | Identified the +0 giant club of Vodka {vamp, Str+2 Stlth+}
  3216 | D:4      | Found a transporter.
  4301 | D:5      | Found a large runed translucent door.
  4302 | D:5      | Found a large runed translucent door.
  4310 | D:5      | Noticed PriceMaster's ghost (amateur OpFE)
  4372 | D:5      | Noticed an orc warrior
  4405 | D:4      | Killed an orc warrior
  4406 | D:4      | Reached skill level 7 in Unarmed Combat
  4406 | D:4      | Reached XP level 7. HP: 16/52 MP: 10/10
  4619 | D:5      | Noticed a yak
  4619 | D:5      | Noticed a yak
  4619 | D:5      | Noticed a yak
  4645 | D:4      | Killed a yak
  4735 | D:4      | Killed a yak
  4744 | D:4      | Killed a yak
  4745 | D:4      | Reached XP level 8. HP: 10/60 MP: 12/12
  4924 | D:5      | Noticed a yak
  4937 | D:5      | Killed a yak
  5547 | D:7      | Noticed a two-headed ogre
  6143 | D:7      | Found a shadowy altar of Dithmenos.
  6143 | D:7      | Found a sparkling altar of Nemelex Xobeh.
  6146 | D:7      | Found a burning altar of Makhleb.
  6300 | D:7      | Killed a two-headed ogre
  6301 | D:7      | Reached skill level 5 in Fighting
  6301 | D:7      | Reached XP level 9. HP: 46/68 MP: 13/15
  6987 | D:7      | Reached skill level 8 in Unarmed Combat
  7314 | D:7      | Found a staircase to the Ecumenical Temple.
  7324 | Temple   | Entered the Ecumenical Temple
  7344 | Temple   | Became a worshipper of the Wu Jian Council
  7465 | D:7      | Reached skill level 5 in Invocations
  7538 | D:7      | HP: 1/68 [killer bee (3)]
  7538 | D:7      | Slain by a killer bee

Illustrated notes

Levels and vault maps discovered:
D:1:      dpeg_arrival_three_same_balls, layout_loops_ring
D:2:      layout_rooms, basic_altar, minmay_joined_circles, uniq_robin
D:3:      layout_loops_corners
D:4:      layout_basic, gammafunk_ghost_smash
D:5:      layout_basic, ebering_ghost_disaster_area
D:6:      layout_loops_ring
D:7:      layout_basic, gammafunk_temple_overflow_forgotten,
          minmay_temple_entry_poolview
D:8:      layout_loops_ring, mainiacjoe_overflow_surrounded_room, serial_shops,
          shop
Temple:   nicolae_temple_two_arcs

Skill      XL: |  1  2  3  4  5  6  7  8  9 |
---------------+----------------------------+-----
Invocations    | 1 2 3 4 5 |  5.1
Short Blades   | 1 2 3 4 |  4.6
Long Blades    | 1 2 3 4 |  4.6
Axes           | 1 2 3 4 |  4.6
Maces & Flails | 1 2 3 4 |  4.6
Polearms       | 1 2 3 4 |  4.6
Staves         | 1 2 3 4 |  4.6
Ranged Weapons | 1 2 3 4 |  4.6
Throwing       | 1 2 3 4 |  4.6
Armour         | 1 2 3 4 |  4.6
Stealth        | 1 2 3 4 |  4.6
Shields        | 1 2 3 4 |  4.6
Spellcasting   | 1 2 3 4 |  4.6
Evocations     | 1 2 3 4 |  4.6
Conjurations   | 1 2 3 |  3.8
Hexes          | 1 2 3 |  3.8
Summonings     | 1 2 3 |  3.8
Necromancy     | 1 2 3 |  3.8
Translocations | 1 2 3 |  3.8
Fire Magic     | 1 2 3 |  3.8
Ice Magic      | 1 2 3 |  3.8
Air Magic      | 1 2 3 |  3.8
Earth Magic    | 1 2 3 |  3.8
Alchemy        | 1 2 3 |  3.8
Fighting       | 3 4 5 |  5.3
Dodging        | 5 6 |  6.6
Unarmed Combat | 7 8 |  8.1
Shapeshifting  | 7 |  7.8

Action                     |  1- 3 |  4- 6 |  7- 9 || total
---------------------------+-------+-------+-------++-------
  Melee: Unarmed           |    79 |   199 |   259 ||   537
         Bite              |     5 |    15 |    51 ||    71
         Punch             |     2 |     5 |    13 ||    20
  Throw: Dart              |       |       |    10 ||    10
Ability: Lunge             |       |       |     1 ||     1
    Use: Scroll            |       |    10 |     5 ||    15
         Potion            |       |     2 |       ||     2
 Armour: Animal skin       |     5 |       |       ||     5
         Scale mail        |    60 |    24 |       ||    84
         Chain mail        |       |    98 |       ||    98
         Skin              |       |     2 |       ||     2
         Plate armour      |       |       |   178 ||   178
  Dodge: Dodged            |    47 |    77 |    71 ||   195

Table legend: (Time is in decaauts)
 A = Elapsed time spent in this place.
 B = Non-inter-level travel time spent in this place.
 C = Inter-level travel time spent in this place.
 D = Time resting spent in this place.
 E = Time spent auto-exploring this place.
 F = Levels seen in this place.
 G = Mean time per level.
                   A        B        C        D        E       F      G
               +--------+--------+--------+--------+--------+-----+--------+
         Total |   7487 |   7421 |     66 |   1009 |   3570 |   9 |  831.9 |
       Dungeon |   7449 |   7383 |     66 |   1009 |   3570 |   8 |  931.1 |
        Temple |     38 |     38 |      0 |      0 |      0 |   1 |   38.0 |
               +--------+--------+--------+--------+--------+-----+--------+

Top non-repeatable levels by time:
     D:4: 1442 daAuts
     D:7: 1285 daAuts
     D:5: 1182 daAuts
     D:3: 1102 daAuts
     D:1: 910 daAuts
     D:6: 764 daAuts
     D:2: 678 daAuts
     D:8: 82 daAuts
  Temple: 38 daAuts
